AoeStats
← 建建哥

Lombardia

509666238Analyzed
2v2 RM · 5d ago on Sep 27, 2026· 61m 35s· 4 players
Game mode
Random Map
Map size
Medium (4 player)
Population
200
Speed
Normal
Resources
Standard
Victory
Conquest
Starting age
Dark Age
Ending age
Imperial Age
RankedLock teamsTeams togetherTeam positionsShared explorationLock speedFull tech treeHidden civsTurbo modeCheats
Victory
Defeat
🇫🇷 Shu · France
1168
+14
🇫🇷 Vietnamese · France
1166
+14
🇹🇼 Poles · Taiwan
1133
-14
🇹🇼 Turks · Taiwan
1131
-14
冰冰歷險記
3:01 Loom
11:32 Feudal Age
12:30 Horse Collar
21:10 Castle Age
19:38 Double-Bit Axe
20:05 Forging
24:54 Szlachta Privileges
25:29 Husbandry
25:39 Bloodlines
26:07 Scale Barding Armor
28:44 Iron Casting
29:59 Chain Barding Armor
51:58 Imperial Age
50:09 Heavy Plow
49:38 Light Cavalry
52:03 Wheelbarrow
52:00 Winged Hussar
53:04 Conscription
53:05 Lechitic Legacy
53:57 Blast Furnace
54:37 Bow Saw
55:03 Hand Cart
54:34 Town Watch
55:25 Crop Rotation
62:23 Chemistry
建建哥
0:30 Loom
10:16 Feudal Age
14:40 Double-Bit Axe
20:04 Castle Age
19:34 Gold Mining
19:27 Horse Collar
21:45 Heavy Plow
21:58 Bow Saw
24:51 Gold Shaft Mining
28:23 Imperial Age
26:09 Padded Archer Armor
27:59 Wheelbarrow
27:10 Town Watch
29:39 Leather Archer Armor
31:09 Ring Archer Armor
32:29 Hand Cart
33:06 Conscription
34:24 Town Patrol
37:03 Fletching
39:50 Artillery
40:05 Bodkin Arrow
45:38 Bracer
46:57 Hoardings
51:58 Caravan
55:21 Stone Mining
56:03 Bombard Tower
56:07 Ballistics
58:28 Masonry
oye71
11:09 Feudal Age
9:50 Loom
16:00 Castle Age
14:00 Double-Bit Axe
14:51 Horse Collar
15:38 Fletching
16:04 Crossbowman
16:40 Bodkin Arrow
18:11 Bow Saw
21:11 Padded Archer Armor
24:01 Ballistics
24:52 Stone Mining
24:55 Gold Mining
26:13 Wheelbarrow
25:23 Town Watch
27:09 Leather Archer Armor
27:14 Thumb Ring
30:45 Gold Shaft Mining
33:25 Imperial Age
31:34 Masonry
33:29 Arbalester
34:10 Bracer
34:40 Ring Archer Armor
35:18 Chemistry
35:02 Conscription
35:47 Capped Ram
37:47 Two-Man Saw
36:50 Heavy Plow
37:09 Hand Cart
36:55 Town Patrol
38:36 Murder Holes
39:12 Architecture
40:15 Hoardings
40:00 Guilds
40:48 Siege Engineers
40:50 Bolt Magazine
40:25 Siege Ram
41:05 Elite Skirmisher
42:17 Imperial Skirmisher
51:00 Man-at-Arms
51:26 Gambesons
51:44 Squires
51:30 Arson
53:26 Gold Shaft Mining
52:47 Treadmill Crane
53:09 Long Swordsman
53:51 Scale Mail Armor
54:01 Forging
54:36 Two-Handed Swordsman
55:32 Chain Mail Armor
55:11 Champion
56:54 Caravan
56:27 Pikeman
58:42 Fortified Wall
58:18 Halberdier
Marcel Patulacci
8:39 Loom
10:47 Feudal Age
13:22 Double-Bit Axe
15:24 Horse Collar
21:19 Castle Age
20:30 Bloodlines
20:31 Scale Barding Armor
20:23 Gold Mining
22:04 Forging
22:18 Bow Saw
26:23 Wheelbarrow
25:33 Town Watch
28:02 Husbandry
29:02 Chain Barding Armor
29:33 Stone Mining
30:26 Heavy Plow
33:58 Iron Casting
42:50 Fletching
43:33 Bodkin Arrow
47:30 Imperial Age
45:22 Hand Cart
45:08 Town Patrol
47:23 Town Patrol
47:43 Cavalier
49:08 Plate Barding Armor
50:49 Chatras
54:07 Paper Money
54:11 Elite Battle Elephant
55:28 Bracer
56:52 Two-Man Saw
56:23 Crop Rotation
60:58 Stone Shaft Mining
Connection lost

Rejoining the realm…

Still unreachable

The connection could not be restored.

Session expired

The server has moved on; the page needs a fresh start.